 Dungeon Crawl Stone Soup version 0.21.1-1-g345015f (webtiles) character file.

38 shakethe the Slasher (level 3, 0/29 HPs)
             Began as a Barachi Gladiator on Feb 24, 2018.
             Succumbed to an adder's poison
             ... on level 2 of the Dungeon.
             The game lasted 00:01:04 (561 turns).

shakethe the Slasher (Barachi Gladiator)             Turns: 561, Time: 00:01:05

Health: 0/29       AC:  4    Str: 15    XL:     3   Next: 43%
Magic:  3/3        EV: 13    Int:  9    God:
Gold:   47         SH:  0    Dex: 13    Spells: 2/2 levels left

rFire    . . .     SeeInvis .   a - +0 long sword
rCold    . . .     Gourm    .   (no shield)
rNeg     . . .     Faith    .   b - +0 leather armour
rPois    .         Spirit   .   c - +0 helmet
rElec    .         Reflect  .   (no cloak)
rCorr    .         Harm     .   (no gloves)
MR       .....                  (no boots)
Stlth    +.........             (no amulet)
HPRegen  0.09/turn              (no ring)
MPRegen  0.08/turn              (no ring)

@: lethally poisoned (0 -> -10), hasted, quick
A: +LOS, swims, slowness 1, strong legs 1
a: Hop


You were on level 2 of the Dungeon.
You were not hungry.

You visited 1 branch of the dungeon, and saw 2 of its levels.

You collected 47 gold pieces.

Inventory:

Hand Weapons
 a - a +0 long sword (weapon)
Missiles
 d - 3 throwing nets {=f, !d}
Armour
 b - a +0 leather armour (worn)
 c - a +0 helmet (worn)
Scrolls
 e - 4 scrolls of identify {unknown}
 g - a scroll of remove curse {unknown}
 h - a scroll of noise {unknown}
 j - a scroll of immolation {unknown}
Comestibles
 f - 2 rations


   Skills:
 + Level 3.2 Fighting
 * Level 4.8 Long Blades
 - Level 2.0 Throwing
 - Level 3.2 Dodging


You had 2 spell levels left.
You didn't know any spells.

Dungeon Overview and Level Annotations

Branches:
Dungeon (2/15)

Altars:


Innate Abilities, Weirdness & Mutations

Shadows flee at your approach. (+LOS)
You can swim through water.
You cover ground slowly.
You can hop short distances.


Message History

No target in view!
No target in view!
No target in view!
No target in view!
No target in view!
No target in view!
e - 4 scrolls labeled CACZOSTROTAXI (gained 1)
There is a stone staircase leading down here.
Done exploring.
Health restored: 29 No target in view!
No target in view!
No target in view!
No target in view!
No target in view!
No target in view!
No target in view!
Done exploring.
No target in view!
No target in view!
No target in view!
No target in view!
No target in view!
No target in view!
No target in view!
Done exploring.
Done exploring.
Done exploring.
Done exploring.
(D) Dungeon
Where to? (? - help)
You see here a mace.
There is a stone staircase leading down here.
You climb downwards.
A goblin comes into view.
The goblin shouts!
There is a stone staircase leading up here.
A goblin is nearby!
An adder comes into view.
The adder hisses angrily.
The goblin closely misses you. The goblin hits you but does no damage.
You barely miss the adder. The adder closely misses you.
The goblin barely misses you.
You riposte.
You hit the goblin. The adder bites you but does no damage.
You closely miss the goblin. The adder barely misses you.
You riposte.
You closely miss the adder. The goblin hits you.
You take 2 damage, and have 27/29 hp.
You hit the goblin. The adder completely misses you.
The goblin closely misses you. The adder closely misses you.
You riposte.
You miss the adder. You hit the goblin but do no damage. The goblin hits you.
The adder barely misses you.
You take 3 damage, and have 25/29 hp.
You closely miss the goblin. The adder bites you.
You are poisoned.
The adder poisons you! The goblin hits you. The adder completely misses you.
You take 3 damage, and have 22/29 hp.
You slash the goblin!
You kill the goblin!
You feel sick. The adder barely misses you.
You take 1 damage, and have 21/29 hp.
You feel sick. The adder bites you but does no damage. The adder misses you.
You see here a goblin corpse.
You take 1 damage, and have 20/29 hp.
You closely miss the adder. The adder bites you.
You take 2 damage, and have 18/29 hp.
You closely miss the adder. The adder bites you. x2
You are more poisoned.
The adder poisons you!
You take 4 damage, and have 14/29 hp.
You slash the adder!
You feel sick. The adder bites you but does no damage.
You take 1 damage, and have 13/29 hp.
You barely miss the adder.
You feel sick. The adder bites you. x2
* * * LOW HITPOINT WARNING * * *
You are more poisoned.
The adder poisons you!
You take 6 damage, and have 7/29 hp.
MASSIVE DAMAGE!!
You hit the adder.
You kill the adder!
* * * LOW HITPOINT WARNING * * *
You feel sick.
You take 1 damage, and have 6/29 hp.
It was a potion of haste.
You feel yourself speed up.
* * * LOW HITPOINT WARNING * * *
You feel sick.
You take 1 damage, and have 5/29 hp.
* * * LOW HITPOINT WARNING * * *
You feel sick.
You take 1 damage, and have 4/29 hp.
* * * LOW HITPOINT WARNING * * *
You feel sick.
You take 1 damage, and have 3/29 hp.
* * * LOW HITPOINT WARNING * * *
You feel sick.
Found a stone staircase leading up.
You take 1 damage, and have 2/29 hp.
* * * LOW HITPOINT WARNING * * *
You feel sick.
You take 1 damage, and have 1/29 hp.
You die...

# #.#.# #.#.#.# .#.<.##
.#.... .......#
.......# #..#...#
#.##...#### #.##@.....#
# #.##...####
.####.#####.##...#
........<#.......#####
.............†.........
....###..........######
.. .....#........#
...................
....##...........###


There were no monsters in sight!

Vanquished Creatures
  An adder (D:2)
  An ooze (D:1)
  A leopard gecko (D:1)
  6 goblins
  3 hobgoblins (D:1)
  2 jackals (D:1)
  A ball python (D:1)
  2 bats (D:1)
  2 frilled lizards (D:1)
  2 kobolds (D:1)
  2 rats (D:1)
23 creatures vanquished.

Notes
Turn   | Place    | Note
-------+----------+-------------------------------------------
     0 | D:1      | shakethe the Barachi Gladiator began the quest for the Orb.
     0 | D:1      | Reached XP level 1. HP: 17/17 MP: 1/1
    94 | D:1      | Reached skill level 4 in Long Blades
   135 | D:1      | Reached XP level 2. HP: 23/23 MP: 2/2
   263 | D:1      | Reached skill level 3 in Fighting
   307 | D:1      | Reached XP level 3. HP: 27/29 MP: 3/3
   553 | D:2      | HP: 7/29 [adder (3)]
   557 | D:2      | HP: 3/29 [poisoned by an adder]
   560 | D:2      | HP: 1/29 [poisoned by an adder]
   561 | D:2      | Succumbed to an adder's poison

Skill      XL: |  1  2 |
---------------+-------+-----
Long Blades    | 4 |  4.8
Fighting       | 3 |  3.2
Throwing       | |  2.0
Dodging        | |  3.2

Action                   || total
-------------------------++-------
Melee: Long sword        ||    74
  Use: Potion            ||     1
 Stab: Sleeping          ||     1
Armor: Leather armour    ||    22
Dodge: Dodged            ||    62
       Rpst.: Long sword ||    17

Vault maps used:
D:1:      moated_graveyard_arrival
D:2:      uniq_sigmund, uniq_jessica

Table legend:
 A = Turns spent in this place as a percentage of turns spent in the entire game.
 B = Non-inter-level travel turns spent in this place as a percentage of non-inter-level travel turns spent in the entire game.
 C = Inter-level travel turns spent in this place as a percentage of turns spent in this place.
 D = Turns resting spent in this place as a percentage of non-inter-level travel turns spent in this place.
 E = Turns spent auto-exploring this place as a percentage of non-inter-level travel turns spent in this place.
 F = Non-inter-level travel turns spent in this place divided by the number of levels of this place that you've seen.
                   A       B       C       D       E      F
               +-------+-------+-------+-------+-------+----------------------
         Total | 100.0 | 100.0 |   5.3 |   0.0 |  71.6 | 265.5
       Dungeon | 100.0 | 100.0 |   5.3 |   0.0 |  71.6 | 265.5
               +-------+-------+-------+-------+-------+----------------------

Table legend:
 A = Kills in this place as a percentage of kills in entire the game.
 B = Kills by you in this place as a percentage of kills by you in the entire game.
 C = Kills by friends in this place as a percentage of kills by friends in the entire game.
 D = Other kills in this place as a percentage of other kills in the entire game.
 E = Experience gained in this place as a percentage of experience gained in the entire game.
 F = Experience gained in this place divided by the number of levels of this place that you have seen.
                   A       B       C       D       E      F
               +-------+-------+-------+-------+-------+----------------------
         Total | 100.0 | 100.0 |   N/A |   N/A | 100.0 |  27.5
       Dungeon | 100.0 | 100.0 |   N/A |   N/A | 100.0 |  27.5
               +-------+-------+-------+-------+-------+----------------------
